Cogmind - Beta 16 @@@ ROGUE MODE // 2026.02.09 @ 12:11:26 Player: Voldy Result: Destroyed by S-10 Pest with Light Assault Rifle Performance ------------- Evolutions (2) 1000 Regions Visited (5) 1000 Robots Destroyed (25) 125 Value Destroyed (705) 705 Prototype IDs (2) 40 Alien Tech Used (0) 0 Bonus (431) 431 TOTAL SCORE: 3301 Bonus ------- Follower Combat Kills 131 Aligned with FarCom 300 Cogmind --------- Core Integrity 0/550 Matter 300/300 Energy 98/100 System Corruption 0% Temperature Cool (0) Movement Core (50) Location -8/Materials Parts ------- > --- POWER (2) -------- (None) > --- PROPULSION (3) --- (None) > --- UTILITY (4) ------ (None) > --- WEAPON (2) ------- (None) > --- INVENTORY (5) ---- Makeshift Leg Improved Sensor Array Layered Light Armor Plating Layered Light Armor Plating Shield Generator Peak State ------------ > --- POWER ------------ Light Ion Engine Light Nuclear Core > --- PROPULSION ------- Improved Titanium Leg Improved Titanium Leg Improved Titanium Leg > --- UTILITY ---------- Small Storage Unit Experimental Sensor Array Signal Interpreter Transport Network Coupler > --- WEAPON ----------- Heavy Ion Cannon Heavy Ion Cannon > --- INVENTORY -------- Carbon-fiber Leg Improved Titanium Leg Makeshift Leg Trap Scanner Layered Light Armor Plating Layered Light Armor Plating Heavy Ion Cannon Heavy Ion Cannon [Rating: 39] Favorites ----------- Power Light Ion Engine Engine Light Ion Engine Power Core Light Nuclear Core Propulsion Aluminum Leg Leg Aluminum Leg Utility Small Storage Unit Device Experimental Sensor Array Storage Small Storage Unit Processor Signal Interpreter Weapon Assault Rifle Energy Cannon Heavy Ion Cannon Ballistic Gun Assault Rifle Build | -11 -10 -10 -10 -9 -8 ------- Run | Yrd Mat Min Exi Min Mat Slots Evolved 4 | . . . . . 4 Power 1 | . . . . . 1 Propulsion 1 | . . . . . 1 Utility 2 | . . . . . 2 Weapon . | . . . . . . Parts Attached 23 | . 1 . 2 3 17 Power 4 | . . . . 1 3 Engine 3 | . . . . 1 2 Core 1 | . . . . . 1 Reactor . | . . . . . . Propulsion 7 | . . . . 1 6 Treads . | . . . . . . Leg 7 | . . . . 1 6 Wheel . | . . . . . . Hover . | . . . . . . Flight . | . . . . . . Utility 6 | . 1 . 2 . 3 Device 2 | . . . . . 2 Storage 2 | . 1 . 1 . . Processor 2 | . . . 1 . 1 Hackware . | . . . . . . Protection . | . . . . . . Artifact . | . . . . . . Weapon 6 | . . . . 1 5 Energy Gun . | . . . . . . Energy Cannon 4 | . . . . . 4 Ballistic Gun 2 | . . . . 1 1 Ballistic Cannon . | . . . . . . Launcher . | . . . . . . Special Weapon . | . . . . . . Impact Weapon . | . . . . . . Slashing Weapon . | . . . . . . Piercing Weapon . | . . . . . . Special Melee Weapon . | . . . . . . Unidentified Prototypes 2 | . . . . . 2 Parts Lost 15 | . . 1 . 4 10 Power 5 | . . 1 . . 4 Propulsion 5 | . . . . 2 3 Utility . | . . . . . . Weapon 5 | . . . . 2 3 Highest Loss Streak 4 | . . 1 . 4 4 To Critical Strikes 1 | . . . . 1 . Average Backups 7 | . 7 8 7 6 6 Power . | . 1 2 1 . . Propulsion 1 | . 3 2 1 1 1 Utility 2 | . 2 2 1 2 2 Weapon 1 | . 1 2 1 . 2 Tool/Special . | . . . . . . Unused Backups 28 | . 12 1 2 5 8 Power 3 | . 1 1 1 . . Propulsion 10 | . 6 . . 3 1 Utility 8 | . 3 . . . 5 Weapon 6 | . 2 . 1 2 1 Tool/Special 1 | . . . . . 1 Average Slot Usage (%) 84 | . 98 88 84 78 82 Engine 6 | . 14 3 . 5 6 Leg 24 | . 28 28 28 21 23 Device 2 | . . . . . 8 Storage 15 | . 26 28 18 14 8 Processor 11 | . . . 9 14 16 Energy Cannon 3 | . . . . . 11 Ballistic Gun 18 | . 28 28 28 21 5 Peak Build Rating 39 | . 7 7 8 8 39 Average Rating 15 | . 6 6 7 7 29 On Entrance 6 | 6 6 7 6 8 8 Avg Prop Armor Cover (%) . | . . . . . . Naked Turns 65 | . . . . . 65 Heaviest Build 31 | 12 16 16 13 11 31 Greatest Support 60 | 20 20 20 20 20 60 Greatest Overweight (x) . | . . . . . . Average Overweight (x) . | . . . . . . Largest Inventory Capacity 8 | . 8 8 8 8 8 Average Capacity 7 | . 8 8 7 8 7 Most Carried 8 | . 8 8 8 8 8 Average Carried 7 | . 7 8 7 7 6 Final Capacity 8 | 8 8 8 8 8 5 Final Carried 8 | 6 8 8 8 7 5 Class Distribution -------------------- 68% | Mutant 26% | Skirmisher 4% | Scavenger-Skirmisher Dominant Class ---------------- Mutant | -10/Materials Mutant | -10/Mines Mutant | -10/Exiles Mutant | -9/Mines Skirmisher | -8/Materials Resources | -11 -10 -10 -10 -9 -8 ----------- Run | Yrd Mat Min Exi Min Mat Matter Collected 838 | 200 390 . . 54 194 Remotely . | . . . . . . Salvage Created 1062 | . 390 40 . 75 557 Parts 63 | . 25 3 . 3 32 Haulers Intercepted 1 | . 1 . . . . Recyclers Shooed 3 | . 1 . . 1 1 Parts Field Recycled . | . . . . . . Retrieved Matter . | . . . . . . Parts Self-Destructed . | . . . . . . Prevented . | . . . . . . Parts Restored . | . . . . . . Kills | -11 -10 -10 -10 -9 -8 ------- Run | Yrd Mat Min Exi Min Mat Combat Hostiles Destroyed 22 | . 8 1 . . 13 Guns 12 | . 8 1 . . 3 Cannons 10 | . . . . . 10 Classes Destroyed 6 | . 4 . . . 2 Hauler 1 | . 1 . . . . Recycler 2 | . 1 . . 1 . Swarmer 8 | . 3 . . . 5 Grunt 10 | . 5 1 . . 4 Sentry 3 | . . . . . 3 Hunter 1 | . . . . . 1 Best Kill Streak 5 | . 3 1 . 1 5 Combat Bots Only 5 | . 3 1 . . 5 Max Kills in Single Turn 2 | . 2 1 . 1 1 Gunslinging 1 | . 1 . . . . Exploded . | . . . . . . Melee . | . . . . . . Uniques/NPCs Destroyed . | . . . . . . Combat | -11 -10 -10 -10 -9 -8 -------- Run | Yrd Mat Min Exi Min Mat Hostile Shots Fired 271 | . 30 25 . 23 193 Missed 62 | . 6 6 . 5 45 Hits 209 | . 24 19 . 18 148 Projectile 209 | . 24 19 . 18 148 Critical Strikes 9 | . . . . 1 8 Damage Taken 2558 | . 247 245 . 144 1922 Core 675 | . 48 48 . 26 553 Absorbed by Shields . | . . . . . . Core Remaining (%) 75 | 100 . . . 51 . Volleys Fired 113 | . 33 7 . 15 58 Largest 2 | . 2 2 . 2 2 Hottest 130 | . 40 40 . 40 130 Shots Fired 197 | . 66 14 . 16 101 Gun 153 | . 66 14 . 16 57 Cannon 44 | . . . . . 44 Launcher . | . . . . . . Special . | . . . . . . Kinetic 153 | . 66 14 . 16 57 Thermal 44 | . . . . . 44 Explosive . | . . . . . . Electromagnetic . | . . . . . . Robot Hit Streak 8 | . 7 5 . 3 8 Robot Miss Streak 5 | . 2 2 . 3 5 Penetration Max . | . . . . . . Secondary Targets 2 | . 1 1 . . . Max Gunslinging Chain 1 | . 1 1 . . . Shots Hit Robots 127 | . 43 9 . 7 68 Core Hits 53 | . 19 3 . 3 28 Critical Kills . | . . . . . . Critical Parts Destroyed 1 | . 1 . . . . Critical Strikes 1 | . 1 . . . . Destroy 1 | . 1 . . . . Melee Attacks . | . . . . . . Impact . | . . . . . . Slashing . | . . . . . . Piercing . | . . . . . . Sneak Attacks . | . . . . . . Combat Hostiles . | . . . . . . Follow-up Attacks . | . . . . . . Damage Inflicted 1814 | . 546 112 . 52 1104 Guns 1068 | . 530 112 . 52 374 Cannons 698 | . . . . . 698 Explosions . | . . . . . . Melee . | . . . . . . Ramming 48 | . 16 . . . 32 Kinetic 1068 | . 530 112 . 52 374 Thermal 698 | . . . . . 698 Explosive . | . . . . . . Electromagnetic . | . . . . . . Impact . | . . . . . . Slashing . | . . . . . . Piercing . | . . . . . . Highest Corruption . | . . . . . . Average Corruption . | . . . . . . Corruption Purged . | . . . . . . Corruption Blocked . | . . . . . . Overload Shots . | . . . . . . Overflow Damage 20 | . . . . . 20 Projectiles 20 | . . . . . 20 Explosions . | . . . . . . Melee . | . . . . . . Knockbacks 1 | . . . . . 1 Impact 1 | . . . . . 1 Kinetic . | . . . . . . Secondary . | . . . . . . Self-Inflicted Damage 12 | . . . . . 12 Shots . | . . . . . . Rammed 4 | . . . . . 4 Targets Rammed 9 | . 3 . . . 6 Kicked 5 | . 3 . . . 2 Crushed . | . . . . . . Highest Temperature 451 | . 2 3 . . 451 Average Temperature 175 | . 2 3 . . 181 Received Heat Transfer 819 | . 81 135 . . 603 Effects 5 | . . . . . 5 Shutdowns 3 | . . . . . 3 Interference 2 | . . . . . 2 Siege Activations . | . . . . . . Martial Activations . | . . . . . . Shielding Activations . | . . . . . . Robots Disrupted . | . . . . . . Combat Hostiles . | . . . . . . Robots Corrupted . | . . . . . . Combat Hostiles . | . . . . . . Parts Fried . | . . . . . . Impact Corruptions . | . . . . . . Robots Melted . | . . . . . . Combat Hostiles . | . . . . . . Parts Melted 3 | . . . . . 3 Heat Transferred 962 | . . . . . 962 Parts Sabotaged . | . . . . . . Parts Stolen . | . . . . . . Parts Stripped . | . . . . . . Power Chain Reactions . | . . . . . . Alert | -11 -10 -10 -10 -9 -8 ------- Run | Yrd Mat Min Exi Min Mat Maximum Alert Level . | . . . . . . Low Security (%) 100 | . 100 100 . 100 100 Level 1 . | . . . . . . Level 2 . | . . . . . . Level 3 . | . . . . . . Level 4 . | . . . . . . Level 5 . | . . . . . . High Security . | . . . . . . Max Security . | . . . . . . Peak Influence 133 | . 122 47 . 84 133 Initial 37 | . . 37 . . 15 Average 27 | . 40 32 . 20 26 Influence Increases 850 | . 260 30 . 161 399 Destroy 0b10 Robot/C 580 | . 160 20 . 120 280 Destroy 0b10 Robot/NC 15 | . 10 . . 5 . Destroy Leader 142 | . 32 10 . 20 80 Allied During Kill 24 | . . . . 16 8 Successful Hack 13 | . 13 . . . . Destroy Structure 16 | . . . . . 16 Lose Combat Pursuer 60 | . 45 . . . 15 Influence Decreases 775 | . 163 80 47 120 365 Entered New Map 133 | . . 60 47 . 26 Time Decay 494 | . 163 10 . 110 211 Lost Part 110 | . . 10 . 10 90 Lost Ally 38 | . . . . . 38 Squads Dispatched 5 | . 2 . . . 3 Investigation . | . . . . . . Extermination . | . . . . . . Reinforcement 3 | . 2 . . . 1 Assault . | . . . . . . Garrison 2 | . . . . . 2 Intercept . | . . . . . . Searches Triggered . | . . . . . . Construction Impeded . | . . . . . . Haulers Reinforced . | . . . . . . Active Scanning Responses . | . . . . . . Cargo Convoy Interrupts . | . . . . . . Stealth | -11 -10 -10 -10 -9 -8 --------- Run | Yrd Mat Min Exi Min Mat Distress Signals 3 | . 1 . . . 2 Communications Jammed . | . . . . . . Distress Signals . | . . . . . . Times Spotted 48 | . 15 2 . 5 26 Peak Tracking Total 7 | . 4 2 . 3 7 Tactical Retreats 3 | . 2 . . . 1 Traps | -11 -10 -10 -10 -9 -8 ------- Run | Yrd Mat Min Exi Min Mat Traps Triggered . | . . . . . . Indirectly . | . . . . . . Trap Hack Attempts . | . . . . . . Triggered . | . . . . . . Disarmed 4 | . 4 . . . . Reprogrammed . | . . . . . . Reused . | . . . . . . Traps Extracted . | . . . . . . Installed . | . . . . . . Triggered . | . . . . . . Machines | -11 -10 -10 -10 -9 -8 ---------- Run | Yrd Mat Min Exi Min Mat Machines Disabled . | . . . . . . Max in Single Turn . | . . . . . . Machines Repaired . | . . . . . . Machines Dismantled . | . . . . . . Machines Sabotaged . | . . . . . . Overloaded Fab Kills . | . . . . . . Hacking | -11 -10 -10 -10 -9 -8 --------- Run | Yrd Mat Min Exi Min Mat Machines Accessed 2 | . 2 . . . . Terminals 2 | . 2 . . . . Fabricators . | . . . . . . Repair Stations . | . . . . . . Recycling Units . | . . . . . . Scanalyzers . | . . . . . . Garrison Access . | . . . . . . Total Hacks 6 | . 6 . . . . Successful 3 | . 3 . . . . Failed 3 | . 3 . . . . Catastrophic 1 | . 1 . . . . Database Lockouts . | . . . . . . Manual 4 | . 3 . 1 . . Terminals 6 | . 6 . . . . Fabricators . | . . . . . . Repair Stations . | . . . . . . Recycling Units . | . . . . . . Scanalyzers . | . . . . . . Garrison Access . | . . . . . . Terminal Hacks 3 | . 3 . . . . Branch Access Points 1 | . 1 . . . . Disarm Traps 1 | . 1 . . . . Transport Status 1 | . 1 . . . . Fabricator Hacks . | . . . . . . Repair Station Hacks . | . . . . . . Recycling Unit Hacks . | . . . . . . Scanalyzer . | . . . . . . Garrison Access Hacks . | . . . . . . Unauthorized Hacks . | . . . . . . Terminals . | . . . . . . Fabricators . | . . . . . . Repair Stations . | . . . . . . Recycling Units . | . . . . . . Scanalyzers . | . . . . . . Garrison Access . | . . . . . . Data Cores Recovered . | . . . . . . Used . | . . . . . . Hacking Detections 2 | . 2 . . . . Full Trace Events . | . . . . . . Feedback Events . | . . . . . . Feedback Blocked . | . . . . . . Robot Schematics Acquired . | . . . . . . Robots Built . | . . . . . . Authchips . | . . . . . . Time . | . . . . . . Total Robot Build Rating . | . . . . . . Part Schematics Acquired . | . . . . . . Parts Built . | . . . . . . Authchips . | . . . . . . Time . | . . . . . . Total Part Build Rating . | . . . . . . Part Studies Acquired . | . . . . . . Parts Repaired . | . . . . . . Time . | . . . . . . Parts Recycled . | . . . . . . Recycled Matter . | . . . . . . Retrieved Matter . | . . . . . . Retrieved Components . | . . . . . . Parts Scanalyzed . | . . . . . . Part Schematics Acquired . | . . . . . . Parts Damaged . | . . . . . . Bothacking | -11 -10 -10 -10 -9 -8 ------------ Run | Yrd Mat Min Exi Min Mat Used RIF Installer . | . . . . . . Robots Hacked . | . . . . . . Non-combat . | . . . . . . Combat . | . . . . . . Robot Hacks Applied . | . . . . . . Relay Couplers Released . | . . . . . . Fabnet Peak Effective % . | . . . . . . Robots Rewired . | . . . . . . Allies Hacked . | . . . . . . Hacks Repelled . | . . . . . . Allies | -11 -10 -10 -10 -9 -8 -------- Run | Yrd Mat Min Exi Min Mat Total Allies 2 | . . . . 2 . Largest Group 2 | . . . . 2 2 Highest-Rated Group 58 | . . . . 58 58 Highest-Rated Ally 31 | . . . . 31 31 Total Orders . | . . . . . . Ally Attacks 18 | . . . . 13 5 Total Damage 312 | . . . . 210 102 Kills 7 | . . . . 6 1 Allies Corrupted . | . . . . . . Allies Melted . | . . . . . . Intel | -11 -10 -10 -10 -9 -8 ------- Run | Yrd Mat Min Exi Min Mat Active Infowar (turns) 761 | . . . . . 761 Sensors 608 | . . . . . 608 Traps 149 | . . . . . 149 T.N.C. 748 | . . . . . 748 Robot Analysis Total . | . . . . . . Derelict Logs Recovered . | . . . . . . Drone Launches . | . . . . . . Drone Recoveries . | . . . . . . Exploration | -11 -10 -10 -10 -9 -8 ------------- Run | Yrd Mat Min Exi Min Mat Turns Passed 2369 | . 389 36 527 589 828 Spaces Moved 1518 | 1 223 13 425 411 445 Core 123 | . . . . . 123 Treads . | . . . . . . Legs 1395 | 1 223 13 425 411 322 Wheels . | . . . . . . Hover . | . . . . . . Flight . | . . . . . . Fastest Speed 50 | 120 120 120 120 120 50 Average Speed 116 | 120 120 120 120 120 107 Slowest Speed 130 | 120 120 120 120 120 130 Overloaded Moves . | . . . . . . Propulsion Burnouts . | . . . . . . Robots Hopped . | . . . . . . Potential Cave-ins . | . . . . . . Cave-ins Triggered . | . . . . . . Time Travels 1 | . . . . . 1 Exploration Rate (%) 41 | 2 40 4 88 80 35 Regions Visited 5 Branch Regions 3 Pre-discovered Areas . | . . . . . . Known Exits Taken 3 | . 1 . 1 1 . Unknown Exits Taken 2 | 1 . 1 . . . Scrap Searched 1 | . . . . 1 . Spaces Dug . | . . . . . . Terrain Destroyed 17 | . . . . . 17 Melee . | . . . . . . Projectile 17 | . . . . . 17 AOE . | . . . . . . Terrain Rammed . | . . . . . . Walls Destroyed . | . . . . . . Machines Disabled . | . . . . . . Actions | -11 -10 -10 -10 -9 -8 --------- Run | Yrd Mat Min Exi Min Mat Total 1950 | . 281 19 447 494 709 Wait 224 | . 7 . . 62 155 Move 1513 | . 222 12 424 410 445 Hop . | . . . . . . Pick Up 41 | . 9 . 9 3 20 Fast Attach . | . . . . . . Attach 23 | . 1 . 2 3 17 Detach 2 | . . . 1 . 1 Swap . | . . . . . . Drop 24 | . 6 . 10 1 7 Fire 113 | . 33 7 . 15 58 Melee . | . . . . . . Ram 4 | . . . . . 4 Kick 5 | . 3 . . . 2 Crush . | . . . . . . Escape Stasis . | . . . . . . Rewire 1 | . . . 1 . . Trap . | . . . . . . Miscellaneous . | . . . . . . Route ------- -11/Scrapyard -10/Materials (discovered 2 exits: *Min x2) -10/Mines -10/Exiles -9/Mines -8/Materials (discovered 1 exit: [*Fac]) History --------- Turn | Location | Event 1 | -11/Scrapyard | Discovered new exit (range 0) 1 | -11/Scrapyard | Entered Materials 67 | -10/Materials | Identified exit to Mines 316 | -10/Materials | Build established: Mutant 390 | -10/Materials | Entered Mines 421 | -10/Mines | Deemed a non-threat by the Exiles lab entrance 421 | -10/Mines | Discovered new exit (range 5) 426 | -10/Mines | Entered Exiles 456 | -10/Exiles | Met 8R-AWN 477 | -10/Exiles | Met EX-HEX 533 | -10/Exiles | Met EX-BIN 555 | -10/Exiles | Aligned with FarCom system 556 | -10/Exiles | Given EX-Vault access code 585 | -10/Exiles | Opened EX-Vault 592 | -10/Exiles | Found Prototype Device 617 | -10/Exiles | Warned to stay clear of 0b10 Research branches 653 | -10/Exiles | Met EX-DEC 700 | -10/Exiles | Visited The Gauntlet 942 | -10/Exiles | Discovered new exit (range 11) 952 | -10/Exiles | Identified exit to Mines 953 | -10/Exiles | Left Exiles lab with Chronowheel 953 | -10/Exiles | Entered Mines 1294 | -9/Mines | Found a damaged Exp. Sensor Array with a note attached 1318 | -9/Mines | Found Prototype Device 1321 | -9/Mines | Lost 4 parts (2n2w) 1478 | -9/Mines | Discovered new exit (range 15) 1493 | -9/Mines | Identified exit to Materials 1542 | -9/Mines | Entered Materials 1542 | -8/Materials | Accompanied by 2 allies 1542 | -8/Materials | Evolved 4 slots: Power x1, Propulsion x1, Utility x2 1543 | -8/Materials | Identified Chronowheel 1543 | -8/Materials | Activated Chronowheel 1543 | -8/Materials | Spacetime reconverged on an earlier point 1546 | -8/Materials | Identified Exp. Sensor Array 1547 | -8/Materials | Led the pair of lost Derelicts to an unsafe place 2028 | -8/Materials | Build established: Skirmisher 2098 | -8/Materials | Discovered new exit (range 5) 2199 | -8/Materials | Garrison activated, responded to threat 2305 | -8/Materials | Core integrity fell below 50% 2305 | -8/Materials | Released all parts (8) 2335 | -8/Materials | Lost 4 parts (1p1n2w) 2338 | -8/Materials | Core integrity fell below 20% 2370 | -8/Materials | Destroyed by S-10 Pest with Light Assault Rifle Last Messages --------------- 02287_ Lgt. Ion Engine melted. 02287_ Lgt. Assault Rifle melted. 02287_ S-10 Pest destroyed. 02290_ Critical hit (Burn: +37). 02295_ Hvy. Ion Cannon destroyed. 02297_ G-47 Trooper destroyed. 02300_ Hvy. Ion Cannon destroyed. 02300_ Critical hit (Burn: +37). 02303_ Lgt. Ion Engine destroyed. 02304_ Imp. Titanium Leg destroyed. 02305_ Released Hvy. Ion Cannon. 02305_ Released Sml. Storage Unit. 02305_ Released Signal Interpreter. 02305_ Released Transport Network Coupler. 02305_ Released Trap Scanner. 02305_ Released Imp. Titanium Leg. 02305_ Released Carbon-fiber Leg. 02306_ Acquired 5 matter. 02328_ S-10 Pest destroyed. 02347_ Slammed into S-10 Pest. Map ----- +----------------------------------------------------+ | ?????# # #??????????????????? | | ?????######## #??????????????????? | | ????????????# #??????????????????? | | ??########### +??????????????????? | | #??????????????????? | | [ ###+##??????????????????? | | ]] """"" #???????????????????????? | | ] """"" #???????????????????????? | | ] """"" #???????????????????????? | | #???????????????????????? | | #???????????????????????? | | #???????????????????????? | | #+########## ##########??????????????? | | ???????????# # [ #??????????????? | | ???????????# # """ #??????????????? | | ???????????# # """ #######????????? | | ???????????# # """ + #????????? | | ???????????# # ##### #????????? | | ???????????# # """ #???# #????????? | | ???????????# + """ #???# #????????? | | ???????????# # """ #???# #????????? | | ???????????# # #???# #????????? | | ???????????# ############?# #???? ???? | | ???????????# #?# #???? ??? | | ???????????# < #?# #???? ??? | | ???????????# @#?# #???? #??? | | ???????????####+#### #?# #???? #??? | | ????????????# # ### #####Y#??? | | ????????????# """ + #??? | | ????????????# """ # #??? | | ????????????# """ # #??? | | ????????????# + """ #??? | | ????????????# ####### """"" #??? | | ????????????##+#####?????# """"" #??? | | ?????????????# #?????????# s""""" !#??? | | ?????????????# #?????????# """ #??? | | ?????????????# ########### #??? | | ?????????????# #??? | | ?????????????# #################### #??? | | ?????????????# ###########????????# #??? | | ?????????????# # #????????# #??? | | ????????????##%#[ [ #????????# #??? | | ?###/######### #% #???######+###? | | %+ ! #???# #? | | ######## ##""########??# """#? | | ?? ????????## ###### #??# """#? | | ####+####### # ##???# #??# """#? | | #= ####=##???# #??# #? | | # ####%#????# #??# #? | | # # ![!###### #??# | #? | +----------------------------------------------------+ Best States ------------- Heat Dissipation 31 Energy Generation 19 Energy Capacity 415 Matter Stores 491 Matter Capacity 500 Sight Range 16 Robot Scan Range 20 Terrain Scan Density 10 Evasion (%) 55 Item Schematics ----------------- None Robot Schematics ------------------ None Fabricated ------------ Nothing Repaired ---------- Nothing Studied --------- None Alien Tech Used ----------------- None Achievements -------------- Spacetime Is Relative Challenges ------------ None Game ------ Seed SmartbombGodRedirector Manual? 0 Play Time 00:20:00 Cumulative 13.0 hours Start 2026.02.09 @ 11:48:35 End 2026.02.09 @ 12:11:26 Sessions 1 Manual Loads 0 Difficulty Rogue Special Mode None Game No. 27 Rogue 18 Adventurer 9 Explorer 0 Win Type - Total 0 Types 0/0/0/0/0/0/0/0/0/0 Lore% 15 Gallery% 18 Achievement% 15 Wizard Run 0 Options --------- Layout 0 ASCII 0 Keyboard 1 Movement Numpad Keybinds 0 Fullscreen 2 Font 18/SmallcapsGlow Map View 76x50 Zoom Use 0% Tactical HUD 1 Map Filters NONE Filters NONE Steam 1 RUN: 07ad2f21-ab37-43d8-a204-f4f7ca2a4de0